 Dungeon Sprint DCSS version 0.17-a0-1718-g72dbe4d (webtiles) character file.

39459 Kidiri the Imperceptible (level 12, -6/51 HPs)
             Began as a Spriggan Enchanter on Aug 26, 2015.
             Was the Champion of Dithmenos.
             Killed by the air
             ... invoked by Gastronok
              (15 damage)
             ... in the Dungeon (Sprint III: "The Ten Rune Challenge").
             The game lasted 00:23:49 (4444 turns).

Kidiri the Imperceptible (Spriggan Enchanter)       Turns: 4444, Time: 00:23:49

Health: -6/51      AC:  6    Str:  4    XL:     12   Next: 98%
Magic:  12/37      EV: 36    Int: 19    God:    Dithmenos [******]
Gold:   46         SH:  0    Dex: 19    Spells: 9 memorised, 11 levels left

rFire  . . .     SeeInvis +     a - +1 dagger
rCold  . . .     Clarity  +     l - +1 robe {Archmagi}
rNeg   . . .     SustAt   .     (shield restricted)
rPois  .         Gourm    .     (helmet restricted)
rElec  .         Spirit   .     (no cloak)
rCorr  .         Warding  .     (gloves unavailable)
rMut   .         NoTele   +     (boots unavailable)
MR     ++...                    (no amulet)
Stlth  ++++++++++               (no ring)
                                (no ring)

@: wreathed by umbra, very quick, very resistant to hostile enchantments,
uncannily stealthy
A: unfitting armour, horns 2, iridescent scales 1, see invisible, berserk 1,
breathe flames 1, clarity, deformed body, herbivore 3, speed 3, high mp 1, slow
metabolism 2
a: Shadow Step, Shadow Form, Renounce Religion, Breathe Fire
}: 1/10 runes: serpentine


You were in the Dungeon.
You worshipped Dithmenos.
Dithmenos was exalted by your worship.
You were not hungry.

You visited 1 branch You collected 46 gold pieces.

Inventory:

Hand weapons
 a - a +1 dagger (weapon)
Missiles
 r - 7 throwing nets (quivered)
Armour
 l - a +1 robe of the Archmagi (worn)
Magical devices
 i - a wand of frost (31)
 k - a wand of digging (10)
Scrolls
 j - a scroll of blinking
 m - 2 scrolls of torment
 n - 2 scrolls of remove curse
Potions
 c - a potion of berserk rage
 f - a potion of might
 g - a potion of haste
 h - 2 potions of magic
 o - 2 potions of cure mutation
 p - 2 potions of flight
Comestibles
 q - 31 royal jellies
 s - 6 fruits


   Skills:
 + Level 11.6 Short Blades
 * Level 19.5 Dodging
 * Level 21.1 Stealth
 * Level 17.1 Spellcasting
 + Level 8.1 Conjurations
 + Level 12.9 Hexes
 + Level 6.1 Summonings
 + Level 11.8 Translocations
 + Level 8.8 Ice Magic
 - Level 2.0 Invocations


You had 11 spell levels left.
You knew the following spells:

 Your Spells              Type           Power        Failure   Level  Hunger
a - Corona                Hex            #######      1%          1    None
b - Ensorcelled Hibernat  Hex/Ice        ######       1%          2    None
c - Confuse               Hex            #######.     1%          3    None
d - Tukima's Dance        Hex            #######.     1%          3    None
e - Dazzling Spray        Conj/Hex       ######..     1%          3    None
f - Darkness              Hex            #######...   2%          6    #####..
g - Mass Confusion        Hex            #######...   2%          6    #####..
h - Phase Shift           Tloc           ######....   1%          5    ###....
i - Shadow Creatures      Summ           N/A          12%         5    ###....


Dungeon Overview and Level Annotations

Branches:
Dungeon (1/1)

Altars:
Cheibriados
Dithmenos
Elyvilon
Fedhas
Gozag
Kikubaaqudgha
Makhleb
Nemelex Xobeh
Okawaru
Qazlal
Ru
Sif Muna
Trog
Vehumet
Xom
Yredelemnul
Zin
The Shining One
Jiyva
Lugonu

Shops:
D ?(}!=(

Annotations:
D Gastronok, Lernaean hydra


Innate Abilities, Weirdness & Mutations

You are tiny and cannot use many weapons and most armour.
You have supernaturally acute eyesight.
You are a herbivore.
You cover ground extremely quickly.
You need consume almost no food.
You have a pair of horns on your head.
You are partially covered in iridescent scales (AC +4).
You tend to lose your temper in combat.
You can breathe flames.
You possess an exceptional clarity of mind.
Armour fits poorly on your strangely shaped body.
You have an increased reservoir of magic (+10% MP).


Message History

Gastronok is almost dead.
Gastronok waves his eye-stalks in wide circles.
The air twists around and strikes you!
* * * LOW HITPOINT WARNING * * *
Gastronok struggles against the net.
You hear a trumpeting!
Drink which item? (? for menu, Esc to quit)
Okay, then.
Unknown command.
Unknown command.
Drink which item? (? for menu, Esc to quit)
Okay, then.
You hit Gastronok but do no damage.
You headbutt Gastronok, but do no damage.
Gastronok is almost dead.
You hit Gastronok.
Gastronok is almost dead.
Gastronok waves his eye-stalks in wide circles.
The air twists around and strikes you!
You die...

▓...+.≈≈≈≈≈≈≈≈♣♣.....♣♣♣♣≈≈≈....
▓..P#≈.§§.≈≈≈≈♣♣.≈≈≈≈'♣♣'♣≈≈≈≈≈≈
▓.PP#≈≈≈§§.≈≈≈≈'...%.#.≈♣♣♣♣♣♣♣♣
▓YYP#≈≈≈§≈§§.≈♣♣♣♣♣♣♣#..♣♣
▓..?#≈≈≈%≈§§≈≈♣ ###+♣♣♣♣♣♣♣
▓##'####+#######♣ ♣♣♣♣.##..##≈
▓..YbYw.§§§§§§§.♣♣ ♣...##.##.#≈
▓#+#############w♣ ♣♣.##.##.##+
...#≈.........@.♣ ♣..#.##...#
▓...+≈≈...########♣♣ ♣♣.##.##.)#
▓JJ.#≈≈≈...........♣ ♣♣.##.#####
▓JJ.#≈≈≈≈..........♣ ♣.....##...
#+#############+#### ########+##
#.♣♣ #%.. #♣.♣ #... ♣.♣♣ #####
#### ♣♣.♣ ..≈φ# ##..


You could see Gastronok (caught).

Vanquished Creatures
  Rupert (D)
  A greater naga (D)
  Maud (D)
  A dire elephant (D)
  Erolcha (D)
  2 hydras (D)
  A naga warrior (D)
  4 death yaks (D)
  2 anacondas (D)
  A death drake (D)
  A spriggan druid (D)
  2 swamp dragons (D)
  A lindwurm (D)
  An elephant (D)
  A guardian serpent (D)
  8 black mambas (D)
  2 spiny frogs (D)
  A queen bee (D)
  A komodo dragon (D)
  A fire drake (D)
  A deep elf priest (D)
  3 wandering mushrooms (D)
  8 blink frogs (D)
  4 redbacks (D)
  A shadow (D)
  2 spriggans (D)
  2 trapdoor spiders (D)
  A spatial vortex (D)
  2 hill giants (D)
  5 water moccasins (D)
  2 nagas (D)
  A necrophage (D)
  3 swamp drakes (D)
  2 brain worms (D)
  3 two-headed ogres (D)
  A water elemental (D)
  32 killer bees (D)
  An electric eel (D)
  A jelly (D)
  Jessica (D)
  A necromancer (D)
  A wizard (D)
  A wolf (D)
  A kobold demonologist (D)
  3 humans (D)
  2 adders (D)
  An ooze (D)
  2 rats (D)
  A plant (D)
123 creatures vanquished.

Vanquished Creatures (others)
  2 draconian scorchers (D)
  2 dancing weapons (D)
  2 yaktaurs (D)
  8 plants (D)
14 creatures vanquished.

Grand Total: 137 creatures vanquished

Notes
Turn   | Place    | Note
--------------------------------------------------------------
     0 | D        | Kidiri the Spriggan Enchanter began the quest for the Orb.
     0 | D        | Reached XP level 1. HP: 9/9 MP: 5/5
     9 | D        | Reached skill level 5 in Stealth
    21 | D        | Killed a yaktaur
    33 | D        | Noticed Jessica
    37 | D        | Killed Jessica
    37 | D        | Reached skill level 5 in Dodging
    37 | D        | Reached skill level 6 in Stealth
    37 | D        | Reached XP level 2. HP: 13/13 MP: 6/8
    37 | D        | Reached XP level 3. HP: 16/16 MP: 6/9
    37 | D        | Killed a yaktaur
    41 | D        | Learned a level 2 spell: Ensorcelled Hibernation
    45 | D        | Learned a level 3 spell: Confuse
    49 | D        | Learned a level 3 spell: Tukima's Dance
    71 | D        | Noticed a wolf
    77 | D        | Killed a wolf
    77 | D        | Reached skill level 7 in Stealth
   100 | D        | Reached skill level 5 in Spellcasting
   100 | D        | Reached skill level 1 in Ice Magic
   100 | D        | Reached XP level 4. HP: 21/21 MP: 2/12
   105 | D        | Learned a level 3 spell: Dazzling Spray
   131 | D        | Gained mutation: You possess an exceptional clarity of mind. [potion of mutation]
   131 | D        | Gained mutation: You are partially covered in iridescent scales (AC +4). [potion of mutation]
   132 | D        | Gained mutation: You have an increased reservoir of magic (+10% MP). [potion of mutation]
   132 | D        | Gained mutation: You tend to lose your temper in combat. [potion of mutation]
   132 | D        | Gained mutation: Armour fits poorly on your strangely shaped body. [potion of mutation]
   133 | D        | Gained mutation: You have a pair of small horns on your head. [potion of mutation]
   133 | D        | Gained mutation: You can breathe flames. [potion of mutation]
   133 | D        | Gained mutation: You have a pair of horns on your head. [potion of mutation]
   173 | D        | Killed a white draconian scorcher
   194 | D        | Noticed a water elemental
   204 | D        | Killed a water elemental
   204 | D        | Reached skill level 8 in Stealth
   204 | D        | Reached skill level 5 in Hexes
   232 | D        | Killed a white draconian scorcher
   261 | D        | Noticed a jelly
   262 | D        | Noticed a shadow
   264 | D        | Killed a shadow
   264 | D        | Reached skill level 10 in Stealth
   264 | D        | Reached XP level 5. HP: 24/24 MP: 15/17
   264 | D        | Reached XP level 6. HP: 28/28 MP: 16/19
   267 | D        | Killed a jelly
   297 | D        | Found a stormy altar of Qazlal.
   298 | D        | Found a sacrificial altar of Ru.
   298 | D        | Found a burning altar of Makhleb.
   298 | D        | Found a viscous altar of Jiyva.
   298 | D        | Found a shimmering altar of Xom.
   298 | D        | Found a shadowy altar of Dithmenos.
   298 | D        | Found a sparkling altar of Nemelex Xobeh.
   298 | D        | Found a corrupted altar of Lugonu.
   298 | D        | Found an opulent altar of Gozag.
   298 | D        | Noticed a spatial vortex
   300 | D        | Killed a spatial vortex
   300 | D        | Reached skill level 5 in Short Blades
   300 | D        | Reached skill level 11 in Stealth
   303 | D        | Became a worshipper of Dithmenos the Shadowed
   338 | D        | Found a radiant altar of Vehumet.
   339 | D        | Found a deep blue altar of Sif Muna.
   339 | D        | Found an ancient bone altar of Kikubaaqudgha.
   339 | D        | Noticed a wizard
   340 | D        | Killed a wizard
   345 | D        | Reached skill level 10 in Dodging
   360 | D        | Learned a level 6 spell: Darkness
   406 | D        | Found a glowing silver altar of Zin.
   407 | D        | Found a glowing golden altar of the Shining One.
   407 | D        | Found a white marble altar of Elyvilon.
   407 | D        | Noticed a deep elf priest
   409 | D        | Killed a deep elf priest
   409 | D        | Reached skill level 12 in Stealth
   409 | D        | Reached XP level 7. HP: 32/32 MP: 20/22
   419 | D        | Learned a level 6 spell: Mass Confusion
   427 | D        | Found an iron altar of Okawaru.
   428 | D        | Found a bloodstained altar of Trog.
   428 | D        | Noticed a human
   428 | D        | Noticed a human
   430 | D        | Killed a human
   431 | D        | Killed a human
   431 | D        | Reached XP level 8. HP: 36/36 MP: 23/25
   446 | D        | Found a snail-covered altar of Cheibriados.
   446 | D        | Noticed a necrophage
   447 | D        | Found a basalt altar of Yredelemnul.
   447 | D        | Found a blossoming altar of Fedhas.
   447 | D        | Noticed a necromancer
   448 | D        | Killed a necrophage
   448 | D        | Acquired Dithmenos's first power
   448 | D        | Reached skill level 10 in Spellcasting
   455 | D        | Killed a necromancer
   455 | D        | Reached skill level 13 in Stealth
   495 | D        | Noticed a two-headed ogre
   495 | D        | Noticed a two-headed ogre
   499 | D        | Killed a two-headed ogre
   501 | D        | Killed a two-headed ogre
   501 | D        | Acquired Dithmenos's second power
   506 | D        | Noticed a two-headed ogre
   507 | D        | Killed a two-headed ogre
   590 | D        | Noticed a hill giant
   593 | D        | Killed a hill giant
   599 | D        | Noticed a hill giant
   599 | D        | Noticed Erolcha
   601 | D        | Killed Erolcha
   601 | D        | Reached skill level 14 in Stealth
   601 | D        | Reached skill level 5 in Ice Magic
   601 | D        | Reached XP level 9. HP: 39/39 MP: 25/27
   602 | D        | Killed a hill giant
   602 | D        | Acquired Dithmenos's third power
   612 | D        | Learned a level 5 spell: Phase Shift
   713 | D        | Noticed a redback
   717 | D        | Noticed a trapdoor spider
  1065 | D        | Noticed a trapdoor spider
  1206 | D        | Killed a trapdoor spider
  1206 | D        | Reached skill level 1 in Translocations
  1297 | D        | Killed a trapdoor spider
  1299 | D        | Killed a redback
  1299 | D        | Reached skill level 15 in Stealth
  1393 | D        | Noticed a killer bee
  1393 | D        | Noticed a killer bee
  1393 | D        | Noticed a killer bee
  1394 | D        | Noticed a killer bee
  1394 | D        | Noticed a killer bee
  1394 | D        | Noticed a killer bee
  1394 | D        | Noticed a killer bee
  1394 | D        | Noticed a killer bee
  1394 | D        | Noticed a killer bee
  1394 | D        | Noticed a killer bee
  1394 | D        | Noticed a killer bee
  1394 | D        | Noticed a killer bee
  1394 | D        | Noticed a killer bee
  1394 | D        | Noticed a killer bee
  1394 | D        | Noticed a killer bee
  1394 | D        | Noticed a queen bee
  1394 | D        | Noticed a killer bee
  1394 | D        | Noticed a killer bee
  1394 | D        | Noticed a killer bee
  1394 | D        | Noticed a killer bee
  1394 | D        | Noticed a killer bee
  1394 | D        | Noticed a killer bee
  1394 | D        | Noticed a killer bee
  1394 | D        | Noticed a killer bee
  1394 | D        | Noticed a killer bee
  1394 | D        | Noticed a killer bee
  1394 | D        | Noticed a killer bee
  1394 | D        | Noticed a killer bee
  1394 | D        | Noticed a killer bee
  1394 | D        | Noticed a killer bee
  1394 | D        | Noticed a killer bee
  1394 | D        | Noticed a killer bee
  1394 | D        | Noticed a killer bee
  1395 | D        | Killed a killer bee
  1396 | D        | Killed a killer bee
  1396 | D        | Acquired Dithmenos's fourth power
  1401 | D        | Killed a killer bee
  1405 | D        | Killed a killer bee
  1407 | D        | Killed a killer bee
  1409 | D        | Killed a killer bee
  1411 | D        | Killed a killer bee
  1414 | D        | Killed a killer bee
  1416 | D        | Killed a killer bee
  1416 | D        | Reached skill level 5 in Conjurations
  1418 | D        | Killed a killer bee
  1420 | D        | Killed a killer bee
  1422 | D        | Killed a killer bee
  1424 | D        | Killed a killer bee
  1426 | D        | Killed a killer bee
  1652 | D        | Killed a killer bee
  1653 | D        | Killed a killer bee
  1657 | D        | Killed a killer bee
  1659 | D        | Killed a killer bee
  1661 | D        | Killed a killer bee
  1663 | D        | Killed a killer bee
  1665 | D        | Killed a killer bee
  1667 | D        | Killed a killer bee
  1669 | D        | Killed a killer bee
  1672 | D        | Killed a killer bee
  1674 | D        | Killed a killer bee
  1826 | D        | Killed a queen bee
  1826 | D        | Reached XP level 10. HP: 44/44 MP: 25/30
  1829 | D        | Killed a killer bee
  1830 | D        | Killed a killer bee
  1831 | D        | Killed a killer bee
  1832 | D        | Killed a killer bee
  1832 | D        | Reached skill level 16 in Stealth
  1834 | D        | Killed a killer bee
  1835 | D        | Killed a killer bee
  1836 | D        | Killed a killer bee
  1836 | D        | Reached skill level 5 in Translocations
  2031 | D        | Noticed a wandering mushroom
  2032 | D        | Noticed a wandering mushroom
  2032 | D        | Noticed a wandering mushroom
  2033 | D        | Killed a wandering mushroom
  2037 | D        | Killed a wandering mushroom
  2037 | D        | Reached skill level 10 in Hexes
  2041 | D        | Killed a wandering mushroom
  2093 | D        | Learned a level 5 spell: Shadow Creatures
  2093 | D        | Noticed a spiny frog
  2093 | D        | Noticed a komodo dragon
  2093 | D        | Noticed a spiny frog
  2098 | D        | Killed a spiny frog
  2098 | D        | Reached skill level 15 in Dodging
  2100 | D        | Killed a spiny frog
  2102 | D        | Killed a komodo dragon
  2102 | D        | Reached skill level 1 in Summonings
  2320 | D        | Noticed a redback
  2322 | D        | Killed a redback
  2323 | D        | Noticed a brain worm
  2326 | D        | Killed a brain worm
  2332 | D        | Noticed a brain worm
  2334 | D        | Killed a brain worm
  2340 | D        | Noticed a lindwurm
  2342 | D        | Noticed a redback
  2343 | D        | Killed a lindwurm
  2343 | D        | Reached skill level 17 in Stealth
  2345 | D        | Killed a redback
  2350 | D        | Noticed a redback
  2351 | D        | Killed a redback
  2352 | D        | Noticed Maud
  2354 | D        | Killed Maud
  2354 | D        | Reached XP level 11. HP: 47/47 MP: 32/32
  2357 | D        | Noticed an electric eel
  2358 | D        | Noticed a seven-headed hydra
  2358 | D        | Noticed a six-headed hydra
  2360 | D        | Killed an electric eel
  2364 | D        | Killed a six-headed hydra
  2365 | D        | Killed a seven-headed hydra
  2365 | D        | Reached skill level 18 in Stealth
  2421 | D        | Noticed a death drake
  2423 | D        | Killed a death drake
  2433 | D        | Found a blossoming altar of Fedhas.
  2433 | D        | Noticed a spriggan
  2433 | D        | Noticed a spriggan druid
  2433 | D        | Noticed a spriggan
  2435 | D        | Killed a spriggan druid
  2436 | D        | Killed a spriggan
  2437 | D        | Killed a spriggan
  2437 | D        | Reached skill level 10 in Short Blades
  2471 | D        | Noticed a black mamba
  2471 | D        | Noticed an anaconda
  2471 | D        | Noticed a water moccasin
  2472 | D        | Noticed a black mamba
  2472 | D        | Noticed a water moccasin
  2473 | D        | Killed an anaconda
  2474 | D        | Killed a black mamba
  2475 | D        | Killed a water moccasin
  2478 | D        | Killed a black mamba
  2479 | D        | Killed a water moccasin
  2479 | D        | Reached skill level 15 in Spellcasting
  2499 | D        | Noticed a water moccasin
  2500 | D        | Noticed a black mamba
  2501 | D        | Killed a water moccasin
  2502 | D        | Noticed a black mamba
  2503 | D        | Killed a black mamba
  2506 | D        | Killed a black mamba
  2525 | D        | Noticed an anaconda
  2525 | D        | Noticed a black mamba
  2525 | D        | Noticed a black mamba
  2525 | D        | Noticed a water moccasin
  2526 | D        | Noticed a water moccasin
  2527 | D        | Killed an anaconda
  2527 | D        | Reached skill level 19 in Stealth
  2528 | D        | Killed a black mamba
  2531 | D        | Killed a black mamba
  2534 | D        | Killed a water moccasin
  2536 | D        | Killed a water moccasin
  2556 | D        | Noticed a naga
  2556 | D        | Noticed a naga
  2557 | D        | Noticed a naga warrior
  2557 | D        | Noticed a greater naga
  2557 | D        | Found Egazil's Distillery.
  2557 | D        | Found Edogobe's Jewellery Shoppe.
  2557 | D        | Found Tutapege's Antique Weapon Boutique.
  2558 | D        | Killed a naga
  2564 | D        | Killed a naga
  2776 | D        | Killed a naga warrior
  2776 | D        | Reached XP level 12. HP: 44/51 MP: 26/35
  2879 | D        | Noticed a guardian serpent
  2904 | D        | Killed a guardian serpent
  3197 | D        | Killed a greater naga
  3197 | D        | Reached skill level 10 in Translocations
  3308 | D        | Got a serpentine rune of Zot
  3392 | D        | Noticed a swamp drake
  3392 | D        | Noticed a fire drake
  3393 | D        | Killed a fire drake
  3395 | D        | Killed a swamp drake
  3404 | D        | Noticed a blink frog
  3404 | D        | Noticed a blink frog
  3405 | D        | Noticed a blink frog
  3405 | D        | Noticed a blink frog
  3405 | D        | Noticed a blink frog
  3406 | D        | Killed a blink frog
  3410 | D        | Killed a blink frog
  3420 | D        | Killed a blink frog
  3423 | D        | Killed a blink frog
  3424 | D        | Killed a blink frog
  3424 | D        | Reached skill level 5 in Summonings
  3677 | D        | Noticed Rupert
  3680 | D        | Killed Rupert
  3680 | D        | Reached skill level 20 in Stealth
  3691 | D        | Noticed a death yak
  3692 | D        | Noticed a death yak
  3692 | D        | Noticed a blink frog
  3693 | D        | Noticed an azure jelly
  3693 | D        | Noticed a death yak
  3693 | D        | Noticed an azure jelly
  3693 | D        | Noticed a blink frog
  3693 | D        | Noticed a death yak
  3695 | D        | Noticed a blink frog
  3701 | D        | Killed a death yak
  3705 | D        | Killed a death yak
  3854 | D        | Noticed a black mamba
  3854 | D        | Noticed a black mamba
  3863 | D        | Killed a death yak
  3867 | D        | Killed a blink frog
  4048 | D        | Killed a death yak
  4123 | D        | Killed a black mamba
  4126 | D        | Killed a blink frog
  4130 | D        | Killed a blink frog
  4136 | D        | Killed a black mamba
  4225 | D        | Noticed a swamp drake
  4225 | D        | Noticed a swamp dragon
  4227 | D        | Killed a swamp drake
  4231 | D        | Noticed a swamp dragon
  4231 | D        | Noticed a swamp drake
  4231 | D        | Found Koinad's Magic Scroll Shoppe.
  4231 | D        | Found Reineh's Antique Weapon Boutique.
  4231 | D        | Found Waariec's Gadget Emporium.
  4232 | D        | Killed a swamp dragon
  4240 | D        | Killed a swamp drake
  4242 | D        | Killed a swamp dragon
  4333 | D        | Noticed a six-headed hydra
  4333 | D        | Noticed the 27-headed Lernaean hydra
  4385 | D        | Noticed an azure jelly
  4385 | D        | Noticed an azure jelly
  4386 | D        | Noticed an elephant
  4386 | D        | Noticed an elephant
  4386 | D        | Noticed a dire elephant
  4386 | D        | Noticed a dire elephant
  4386 | D        | Noticed Gastronok
  4401 | D        | Killed an elephant
  4401 | D        | Reached skill level 21 in Stealth
  4411 | D        | Killed a dire elephant
  4444 | D        | Killed from afar by Gastronok

Vault maps used:
D:        dungeon_sprint_mu

Action                   |  1- 3 |  4- 6 |  7- 9 | 10-12 || total
-------------------------+-------+-------+-------+-------++-------
Melee: Dagger            |     8 |     9 |    56 |   175 ||   248
Throw: Throwing net      |       |       |       |     1 ||     1
 Cast: Ensorcelled Hiber |     3 |     1 |    44 |    19 ||    67
       Confuse           |     1 |       |     3 |     3 ||     7
       Corona            |     1 |       |       |       ||     1
       Dazzling Spray    |       |     3 |     4 |    62 ||    69
       Tukima's Dance    |       |       |       |     3 ||     3
       Phase Shift       |       |       |       |     5 ||     5
       Shadow Creatures  |       |       |       |     1 ||     1
       Mass Confusion    |       |       |       |     1 ||     1
Invok: Shadow Step       |       |       |     2 |    14 ||    16
  Use: Potion            |       |     5 |     2 |     1 ||     8
       Scroll            |       |     4 |       |       ||     4
 Stab: Sleeping          |     6 |     5 |    37 |    48 ||    96
       Confused          |       |       |     1 |     3 ||     4
       Invisible         |       |       |       |     5 ||     5
       Held in net/web   |       |       |       |     1 ||     1
  Eat: Bread ration      |       |       |       |     1 ||     1
